[Event "*** Titled Tuesday Blitz"]
[Site "Chess.com"]
[Date "2021.04.27"]
[Round "2"]
[White "IngOscarArdila"]
[Black "NoboaKevin1999"]
[Result "1-0"]
[WhiteElo "2256"]
[BlackElo "2436"]
[TimeControl "180+1"]
[EndTime "10:20:30 PDT"]
[Termination "IngOscarArdila won on time"]

1. d4 Nf6 2. c4 e6 3. Bd2 c5 4.
dxc5 Bxc5 5. Nf3 O-O 6. Qc2 Nc6 7. Nc3 b6 8. Bg5 Bb7 9. a3 Rc8 10. e3 Be7 11. Bd3 h6 12. Bh4 Na5 13. Qe2 Bxf3 14. gxf3 d5 15. cxd5 Nxd5 16. Bxe7 Qxe7 17. Ne4 Rfd8 18.
O-O f5 19. Ng3 Qh4 20. Rad1 f4 21. Ne4 fxe3 22. fxe3 Kh8 23. Kh1 Rf8 24. Rg1 Rc7 25. Rg4 Qh3 26. Rg3 Qh5 27. Rdg1 Rcf7 28. f4 Qxe2 29.
Bxe2 Nb3 30. Bc4 Nc5 31. Bxd5 exd5 32. Nd6 Rd7 33. Nb5 Ne4 34. Rg6 Nf2+ 35. Kg2 Nd3 36. Kf3 Nxb2 37. Ke2 Nc4 38. Kd3 Re8 39.
R1g3 Rde7 40. Kd4 Nxe3 41. Nd6 Kh7 42. Nxe8 Nf5+ 43. Kxd5 Nxg3 44. Rxg3 Rxe8 45. f5 Rf8 46. Ke6 Kg8 47. h4 Rf6+ 48. Ke5 Rf7 49. h5 Rc7 50. Rd3 Kf7 51. Rg3 Re7+ 52. Kf4 Rc7 53. Ke5 a6 54. Kd5 b5 55. Kd6 Rc2 56. Ke5 a5 57. Rb3 Rc5+ 58.
Kf4 Kf6 59. Rg3 Rxf5+ 60. Ke4 Rc5 61. Rg6+ Kf7 62. Rb6 Rc4+ 63. Kd5 Ra4 64. Rxb5 Rxa3 65. Rb7+ Kf6 66. Rb6+ Kg5 67. Rg6+ Kxh5 68. Rxg7 Rb3 69. Kc5 a4 70. Kc4 Rb1 71. Ra7 Ra1 72. Kc3 Kh4 73. Kb2 Rg1 74. Rxa4+ Kh3 75. Kc2 h5 76. Kd2 h4 77. Ke2 Rg8 78. Kf2 Rg3 79. Re4 Rg8 80.
Rd4 Ra8 81. Rd3+ Kh2 82. Rd2 h3 83. Kf3+ 1-0

[Event "*** Titled Tuesday Blitz"]
[Site "Chess.com"]
[Date "2021.04.27"]
[Round "2"]
[White "Romadk"]
[Black "rpragchess"]
[Result "0-1"]
[WhiteElo "2341"]
[BlackElo "2889"]
[TimeControl "180+1"]
[EndTime "10:20:40 PDT"]
[Termination "rpragchess won by checkmate"]

1. d4 Nf6 2. Nf3 g6 3. c4 Bg7 4.
Nc3 d6 5. Bg5 O-O 6. e3 c6 7.
Be2 a6 8. O-O b5 9. Qc2 Bb7 10.
h3 Nbd7 11. Rfe1 Re8 12. Rad1 Qb6 13. b3 Rad8 14. Nd2 e5 15. dxe5 dxe5 16. Nde4 h6 17. Bh4 Ba8 18. Rd2 g5 19. Bg3 Nxe4 20. Nxe4 Nc5 21. Nd6 Rf8 22. Red1 Ne6 23. Nf5 Qc5 24.
cxb5 Qxc2 25. Rxc2 cxb5 26. Nxg7 Kxg7 27. Bxe5+ f6 28.
Bb2 Be4 29. Rcd2 Rxd2 30. Rxd2 Rd8 31. Rxd8 Nxd8 32. a4 Bc6 33. axb5 Bxb5 34. Bxb5 axb5 35. Kf1 Nc6 36. Ke2 Kf7 37. Kd3 h5 38. Ke4 Ke6 39.
f4 f5+ 40. Kd3 gxf4 41. exf4 Kd5 42. Bc3 Nd8 43. Be5 Ne6 44. Kc3 Nc5 45. Kb4 Kc6 46. Kc3 Ne6 47. Kb4 Nf8 48. Kc3 Kc5 49.
Bf6 Nd7 50. Be7+ Kd5 51. Kb4 Kc6 52. Kc3 Nb6 53. Kd4 Nd5 54. Bg5 Kd6 55. Bh6 Nc7 56.
Bf8+ Ke6 57. Bh6 Kd6 58. Bf8+ Ke6 59. Bh6 Nd5 60. Kc5 Ne3 61. Kxb5 Nxg2 62. Kc6 Ne3 63. b4 Nc2 64. b5 Nd4+ 65. Kc5 Nb3+ 66. Kc4 Na5+ 67. Kc5 Nb3+ 68. Kb4 Nd4 69. b6 Kd6 70.
Ka5 Kc6 71. Bg7 Ne6 72. Be5 Nc5 73.
Bd4 Nb3+ 74. Ka6 Nxd4 75. b7 Kc7 76. Ka7 Nc6+ 77. Ka8 h4 78. b8=Q+ Nxb8 79. Ka7 Nd7 80. Ka6 Kc6 81. Ka5 Kd5 82. Kb5 Nc5 83. Kb4 Ne6 84. Kc3 Nxf4 85. Kd2 Ke4 86. Ke1 Kf3 87. Kf1 Kg3 88. Kg1 Kxh3 89. Kh1 Kg3 90. Kg1 Ng6 91. Kh1 Ne5 92. Kg1 Ng4 93. Kf1 h3 94. Kg1 h2+ 95. Kh1 Nf2# 0-1

[Event "*** Titled Tuesday Blitz"]
[Site "Chess.com"]
[Date "2021.04.27"]
[Round "3"]
[White "tdf98pantani"]
[Black "LenkaPtacnikova"]
[Result "1-0"]
[WhiteElo "2710"]
[BlackElo "2191"]
[TimeControl "180+1"]
[EndTime "10:22:11 PDT"]
[Termination "tdf98pantani won by resignation"]

1. e4 c5 2. Nf3 e6 3. d4 cxd4 4. Nxd4 a6 5. Bd3 Nf6 6. O-O Qc7 7. Qe2 b5 8. e5 Nd5 9. a4 b4 10. Nd2 Bb7 11. Nc4 Nf4 12. Bxf4 1-0

[Event "*** Titled Tuesday Blitz"]
[Site "Chess.com"]
[Date "2021.04.27"]
[Round "3"]
[White "A-Fier"]
[Black "Joshukid"]
[Result "1-0"]
[WhiteElo "2836"]
[BlackElo "2614"]
[TimeControl "180+1"]
[EndTime "10:23:41 PDT"]
[Termination "A-Fier won by resignation"]

1. e4 c6 2. d4 d5 3. f3 e6 4. Nc3 b6 5. Bf4 Ba6 6. Bxa6 Nxa6 7. Qd3 Nb4 8. Qd2 Nf6 9. a3 Na6 10. Nge2 Be7 11. Qd3 O-O 12. Qxa6 c5 13. Qd3 c4 14. Qd2 a6 15. O-O b5 16. Bg5 dxe4 17. Bxf6 Bxf6 18. fxe4 e5 19. Nd5 Bg5 20. Qd1 exd4 21. Qxd4 Re8 22. Ng3 Rc8 23. Rad1 c3 24. b3 1-0

[Event "*** Titled Tuesday Blitz"]
[Site "Chess.com"]
[Date "2021.04.27"]
[Round "3"]
[White "Natalya_Buksa"]
[Black "mr65"]
[Result "1-0"]
[WhiteElo "2505"]
[BlackElo "2184"]
[TimeControl "180+1"]
[EndTime "10:24:04 PDT"]
[Termination "Natalya_Buksa won by resignation"]

1. d4 Nf6 2. Nc3 d5 3. Bf4 e6 4. e3 Be7 5. Bd3 O-O 6. Nf3 c5 7. dxc5 Bxc5 8. O-O Nc6 9. e4 dxe4 10. Nxe4 Nxe4 11. Bxe4 Qxd1 12. Rfxd1 Ne7 13. Bd6 Bxd6 14. Rxd6 Nf5 15. Bxf5 exf5 16. c4 g6 17. Rad1 Re8 18. Kf1 Be6 19. b3 a5 20. a4 Ra6 21. Rxa6 bxa6 22.
Rd6 Rb8 23. Nd4 Kf8 24. Ke2 Ke7 25. Rxe6+ fxe6 26. Nc6+ 1-0

[Event "*** Titled Tuesday Blitz"]
[Site "Chess.com"]
[Date "2021.04.27"]
[Round "3"]
[White "ural58"]
[Black "shreyansshah123"]
[Result "1-0"]
[WhiteElo "2478"]
[BlackElo "1694"]
[TimeControl "180+1"]
[EndTime "10:24:07 PDT"]
[Termination "ural58 won by resignation"]

1. e4 c5 2. b3 d5 3. exd5 Qxd5 4. Nc3 Qd8 5. Nf3 Nf6 6. Bb5+ Bd7 7. Qe2 Bxb5 8. Qxb5+ Qd7 9. Qxc5 e6 10. Qb5 Qxb5 11. Nxb5 Na6 12. Bb2 O-O-O 13. Nxa7+ Kb8 14. Nb5 Bc5 15. Be5+ Ka8 16. c3 Ng4 17. Bg3 h5 18. d4 Be7 19. h3 h4 20. Bf4 Nf6 21. O-O Nd5 22.
Bd2 Nac7 23. a4 Nxb5 24. axb5+ Kb8 25. Ne5 Rhf8 26. c4 Nc7 27. b6 Na8 28. Bf4 Bd6 29. c5 Bxe5 30. Bxe5+ Kc8 31. Rxa8+ Kd7 32. Rxd8+ 1-0

[Event "*** Titled Tuesday Blitz"]
[Site "Chess.com"]
[Date "2021.04.27"]
[Round "3"]
[White "GM_dmitrij"]
[Black "OlegKrivonosov"]
[Result "1-0"]
[WhiteElo "2958"]
[BlackElo "2673"]
[TimeControl "180+1"]
[EndTime "10:24:21 PDT"]
[Termination "GM_dmitrij won by resignation"]

1. e4 e5 2. Nf3 Nc6 3. d4 exd4 4.
Nxd4 Nf6 5. Nxc6 bxc6 6. e5 Qe7 7. Qe2 Nd5 8. c4 Ba6 9. b3 g6 10. Ba3 Nb4 11. Bb2 Bg7 12. a3 Nd5 13. Nd2 O-O 14.
O-O-O Rfe8 15. Kb1 Nb6 16. Qf3 Bxe5 17. Re1 d6 18. c5 Bxf1 19. cxb6 Ba6 20. Qxc6 Qf6 21. Rxe5 1-0

[Event "*** Titled Tuesday Blitz"]
[Site "Chess.com"]
[Date "2021.04.27"]
[Round "3"]
[White "RafalBRC"]
[Black "Mikhal867"]
[Result "0-1"]
[WhiteElo "2168"]
[BlackElo "2439"]
[TimeControl "180+1"]
[EndTime "10:24:21 PDT"]
[Termination "Mikhal867 won by resignation"]

1. d4 g6 2. c4 Bg7 3. Nc3 d6 4. e4 Nf6 5. f3 O-O 6. Be3 Nc6 7. Qd2 a6 8. h4 h5 9. Nh3 Bxh3 10. Rxh3 Re8 11.
Be2 e5 12. d5 Nd4 13. g4 c5 14. Bh6 Bxh6 15. Qxh6 Nc2+ 16. Kd2 Nxa1 17. g5 Nh7 18. f4 Re7 19. f5 Qf8 20. fxg6 Qxh6 21. gxh7+ Qxh7 0-1

[Event "*** Titled Tuesday Blitz"]
[Site "Chess.com"]
[Date "2021.04.27"]
[Round "3"]
[White "I_am_a_Miracle"]
[Black "GelmanAlexander"]
[Result "0-1"]
[WhiteElo "2377"]
[BlackElo "2599"]
[TimeControl "180+1"]
[EndTime "10:24:28 PDT"]
[Termination "GelmanAlexander won by resignation"]

1. Nf3 c5 2. g3 Nf6 3. Bg2 e6 4. d4 cxd4 5. Nxd4 d6 6. O-O a6 7.
c4 Be7 8. Nc3 O-O 9. b3 Qc7 10.
Bb2 Nbd7 11. Rc1 Ne5 12. h3 Bd7 13. e4 Rac8 14. Qe2 Rfe8 15. Rfd1 Qb8 16. f4 Ng6 17. Kh2 h5 18. Qf2 b5 19. cxb5 axb5 20. e5 dxe5 21. fxe5 Nxe5 22. Qe3 Neg4+ 0-1

[Event "*** Titled Tuesday Blitz"]
[Site "Chess.com"]
[Date "2021.04.27"]
[Round "3"]
[White "andriipalchuk"]
[Black "muthaiahchess"]
[Result "1-0"]
[WhiteElo "2598"]
[BlackElo "2363"]
[TimeControl "180+1"]
[EndTime "10:24:33 PDT"]
[Termination "andriipalchuk won by resignation"]

1. d4 Nf6 2. c4 e6 3. Nf3 Bb4+ 4. Nbd2 O-O 5. g3 d5 6. Bg2 dxc4 7. O-O Bxd2 8. Bxd2 Nbd7 9. Qc2 Nb6 10. e3 Bd7 11. Ne5 Ba4 12. Qc1 c6 13. Nxc4 Nxc4 14. Qxc4 Bb5 15. Qc2 Be2 16. Rfc1 Bf1 17. Bxf1 1-0

[Event "*** Titled Tuesday Blitz"]
[Site "Chess.com"]
[Date "2021.04.27"]
[Round "3"]
[White "KeithArkell"]
[Black "JoliyRoger"]
[Result "1-0"]
[WhiteElo "2610"]
[BlackElo "2399"]
[TimeControl "180+1"]
[EndTime "10:24:40 PDT"]
[Termination "KeithArkell won by resignation"]

1. d4 Nf6 2. Nf3 e6 3. c4 c5 4. d5 exd5 5. cxd5 d6 6. Nc3 g6 7.
Nd2 Bg7 8. Nc4 O-O 9. Bf4 Ne8 10. g3 Qe7 11. Bg2 Nd7 12. O-O Ne5 13. Nxe5 Bxe5 14. Bxe5 Qxe5 15. Rb1 Bd7 16. Qd2 f5 17. b4 b6 18.
bxc5 dxc5 19. d6 Rd8 20. Rfd1 Be6 21. f4 Qxd6 22. Qe3 Qe7 23. Rxd8 Qxd8 24. Qxe6+ Kh8 25.
Qe5+ Nf6 26. Nd5 1-0

[Event "*** Titled Tuesday Blitz"]
[Site "Chess.com"]
[Date "2021.04.27"]
[Round "3"]
[White "Nafania1"]
[Black "BahadirOzen"]
[Result "1/2-1/2"]
[WhiteElo "2493"]
[BlackElo "2669"]
[TimeControl "180+1"]
[EndTime "10:24:54 PDT"]
[Termination "Game drawn by agreement"]

1. e4 g6 2. d4 d6 3. Nf3 Nf6 4. Bd3 Bg7 5. O-O O-O 6. Re1 Nc6 7. c3 e5 8. h3 h6 9. Na3 Nh5 10. Nc2 Qf6 11. Ne3 Nf4 12. Nd5 Nxd5 13. exd5 Ne7 14. dxe5 dxe5 15. Nxe5 Qd6 16. Bf4 Nxd5 17. Bg3 Qd8 18.
Be4 Nf6 19. Qxd8 Rxd8 20. Bf3 c6 21. Nc4 Be6 22. Nd6 Rd7 1/2-1/2

[Event "*** Titled Tuesday Blitz"]
[Site "Chess.com"]
[Date "2021.04.27"]
[Round "3"]
[White "pastouche06"]
[Black "kidagent"]
[Result "1-0"]
[WhiteElo "2571"]
[BlackElo "2342"]
[TimeControl "180+1"]
[EndTime "10:25:05 PDT"]
[Termination "pastouche06 won by resignation"]

1. d4 d5 2. c4 c6 3. Nf3 Nf6 4. Qc2 g6 5. Bf4 Bf5 6. Qb3 Qb6 7. c5 Qxb3 8. axb3 Na6 9. Nc3 Nb4 10. Ra4 a5 11. e3 Bc2 12. Bc7 Bxb3 13. Rxa5 Rxa5 14.
Bxa5 Na6 15. Bxa6 bxa6 16. Ne5 Nd7 17. Nxc6 e5 18. O-O Bg7 19. Ra1 O-O 20. Nxd5 Bxd5 21.
Ne7+ Kh8 22. Nxd5 exd4 23. c6 Nc5 24. Bb4 dxe3 25. Bxc5 exf2+ 26. Kxf2 Rc8 27. Ne7 1-0

[Event "*** Titled Tuesday Blitz"]
[Site "Chess.com"]
[Date "2021.04.27"]
[Round "3"]
[White "Srisshhhtea"]
[Black "Zipa5"]
[Result "1-0"]
[WhiteElo "2340"]
[BlackElo "1851"]
[TimeControl "180+1"]
[EndTime "10:25:07 PDT"]
[Termination "Srisshhhtea won by resignation"]

1. d4 g6 2. e4 Bg7 3. Nf3 d6 4.
Nc3 Nd7 5. Be2 c6 6. a4 Ngf6 7. Be3 Ng4 8. Bg5 f6 9. Bc1 Nh6 10. h3 Nf7 11. Be3 e5 12. Qd2 O-O 13. h4 f5 14.
exf5 gxf5 15. dxe5 dxe5 16. g3 Qe7 17. Ng5 Nb6 18. a5 Nc4 19. Bxc4 f4 20. gxf4 exf4 21.
Qd3 1-0

[Event "*** Titled Tuesday Blitz"]
[Site "Chess.com"]
[Date "2021.04.27"]
[Round "3"]
[White "AthanasiusLefebvre"]
[Black "VinzentSpitzl"]
[Result "0-1"]
[WhiteElo "2073"]
[BlackElo "2406"]
[TimeControl "180+1"]
[EndTime "10:25:11 PDT"]
[Termination "VinzentSpitzl won by resignation"]

1. Nf3 f5 2. d3 Nf6 3. g3 g6 4. Bg2 Bg7 5. O-O O-O 6. c4 c5 7. Nc3 Nc6 8. Rb1 d6 9. a3 a5 10. Bd2 h6 11. h4 Kh7 12. Nd5 Nxd5 13. cxd5 Nd4 14. b4 Nxf3+ 15. Bxf3 cxb4 16. axb4 a4 17. Qc2 Bd7 18. Bc3 Rc8 19. Qa2 Rxc3 20. b5 a3 21. Rb3 Rxb3 22. Qxb3 Qa5 0-1

[Event "*** Titled Tuesday Blitz"]
[Site "Chess.com"]
[Date "2021.04.27"]
[Round "3"]
[White "starworld123"]
[Black "szachuspl"]
[Result "0-1"]
[WhiteElo "2747"]
[BlackElo "2555"]
[TimeControl "180+1"]
[EndTime "10:25:20 PDT"]
[Termination "szachuspl won by resignation"]

1. d4 Nf6 2. c4 g6 3. g3 Bg7 4. Bg2 O-O 5. Nc3 d6 6. Nf3 c5 7. O-O Nc6 8. b3 Bf5 9. Bb2 Ne4 10. Nxe4 Bxe4 11. e3 a5 12. Qe2 a4 13. dxc5 Bxb2 14. Qxb2 dxc5 15. Rfd1 Qb6 16. h4 Rfd8 17. h5 f6 18. Nh4 Bxg2 19. Kxg2 Kf7 20. Qd2 Rxd2 21. Rxd2 axb3 22. Rb1 Qb4 0-1

[Event "*** Titled Tuesday Blitz"]
[Site "Chess.com"]
[Date "2021.04.27"]
[Round "3"]
[White "JiiHart"]
[Black "McCarthyStone"]
[Result "1-0"]
[WhiteElo "2030"]
[BlackElo "2346"]
[TimeControl "180+1"]
[EndTime "10:25:25 PDT"]
[Termination "JiiHart won by resignation"]

1. e4 g6 2. d4 Nf6 3. Nc3 d5 4. e5 Ne4 5. Nxe4 dxe4 6. c3 c5 7. Be3 Nc6 8. Ne2 cxd4 9. cxd4 e6 10. a3 h5 11. h4 Be7 12. g3 Na5 13. Bg2 Nc4 14.
Qa4+ Bd7 15. Qxc4 O-O 16. O-O Rc8 17. Qb3 Bc6 18. Rac1 Kg7 19. Nc3 b6 20. Nxe4 Bd5 21. Qd3 Qd7 22. Bg5 Bxg5 23. Nxg5 Bxg2 24. Kxg2 Rcd8 25.
Rfd1 Qd5+ 26. Qe4 Qb3 27. Qf3 Rd7 1-0

[Event "*** Titled Tuesday Blitz"]
[Site "Chess.com"]
[Date "2021.04.27"]
[Round "3"]
[White "MFguimaraes"]
[Black "ckgchess"]
[Result "0-1"]
[WhiteElo "2427"]
[BlackElo "2676"]
[TimeControl "180+1"]
[EndTime "10:25:35 PDT"]
[Termination "ckgchess won by resignation"]

1. e4 c5 2. Nf3 d6 3. Bb5+ Nd7 4. c3 a6 5. Ba4 Nf6 6. d3 b5 7. Bc2 Bb7 8. O-O e6 9. Re1 Be7 10. a4 O-O 11. Na3 Qb6 12. Be3 Rfc8 13. h3 Bc6 14. b4 Qb7 15. bxc5 dxc5 16. axb5 axb5 17. Bb3 c4 18.
dxc4 Rxa3 19. Rxa3 Bxa3 20. cxb5 Bxe4 21. Nd4 Bxg2 22.
f3 Bxh3 23. Kh2 Bf5 24. Nxf5 exf5 25. c4 Ne5 26. Kg3 Bb4 27. Bd2 0-1

[Event "*** Titled Tuesday Blitz"]
[Site "Chess.com"]
[Date "2021.04.27"]
[Round "3"]
[White "azikom"]
[Black "VerdeNotte"]
[Result "0-1"]
[WhiteElo "2654"]
[BlackElo "2904"]
[TimeControl "180+1"]
[EndTime "10:25:36 PDT"]
[Termination "VerdeNotte won by resignation"]

1. d4 Nf6 2. Nf3 g6 3. g3 Bg7 4.
Bg2 c5 5. O-O cxd4 6. Nxd4 h5 7.
h3 O-O 8. c4 d5 9. cxd5 Nxd5 10. Nb5 Be6 11. N1c3 Nxc3 12. Nxc3 Nc6 13. Be3 Qa5 14.
Qc1 Rac8 15. Bh6 Nd4 16. Qg5 Rc5 17. Qf4 Rxc3 18. Qd2 Bxh6 0-1

[Event "*** Titled Tuesday Blitz"]
[Site "Chess.com"]
[Date "2021.04.27"]
[Round "3"]
[White "AldokhinIvan"]
[Black "IngOscarArdila"]
[Result "1-0"]
[WhiteElo "2533"]
[BlackElo "2253"]
[TimeControl "180+1"]
[EndTime "10:25:37 PDT"]
[Termination "AldokhinIvan won by checkmate"]

1. e4 e5 2. Nf3 Nc6 3. Bb5 a6 4. Ba4 Nf6 5. O-O b5 6. Bb3 Be7 7. d4 d6 8. dxe5 Nxe5 9. Nxe5 dxe5 10. Qf3 O-O 11. Nc3 c6 12. h3 Qc7 13. Bg5 h6 14. Be3 c5 15. Nd5 Nxd5 16. Bxd5 Bb7 17. Rad1 Bxd5 18. Rxd5 Kh8 19. Qf5 f6 20. Rd7 Qc8 21.
Rxe7 Qxf5 22. exf5 Rac8 23. Rd1 Kg8 24. Rdd7 Rfd8 25. Rxg7+ Kf8 26. Rdf7+ Ke8 27. Bxh6 Rd1+ 28. Kh2 c4 29. Rh7 b4 30. Rf8# 1-0

[Event "*** Titled Tuesday Blitz"]
[Site "Chess.com"]
[Date "2021.04.27"]
[Round "3"]
[White "Omk124"]
[Black "ri4mi"]
[Result "1-0"]
[WhiteElo "2558"]
[BlackElo "2298"]
[TimeControl "180+1"]
[EndTime "10:25:42 PDT"]
[Termination "Omk124 won by resignation"]

1. e4 Nf6 2. Nc3 d5 3. exd5 Nxd5 4. Nxd5 Qxd5 5. d4 Nc6 6. Nf3 e5 7. dxe5 Qxd1+ 8. Kxd1 Bg4 9. Bf4 O-O-O+ 10. Kc1 Bc5 11. Bc4 Bxf2 12. Rf1 Bc5 13. c3 Bh5 14. b4 Be7 15.
Kc2 Bg6+ 16. Kb2 a6 17. Rad1 b5 18. Bd5 Kb7 19. Rfe1 Rd7 20. e6 fxe6 21. Bxc6+ Kxc6 22. Ne5+ Kb7 23. Rxd7 Bf6 24. Nxg6 hxg6 25. Rxc7+ Ka8 26. Rxe6 Rd8 27. Rxa6+ Kb8 28. Rxg7+ 1-0

[Event "*** Titled Tuesday Blitz"]
[Site "Chess.com"]
[Date "2021.04.27"]
[Round "3"]
[White "mbachez"]
[Black "TST2014"]
[Result "0-1"]
[WhiteElo "2425"]
[BlackElo "2670"]
[TimeControl "180+1"]
[EndTime "10:25:51 PDT"]
[Termination "TST2014 won by resignation"]

1. d4 Nf6 2. Nf3 g6 3. Nc3 d5 4. Bf4 Bg7 5. Nb5 Na6 6. e3 Ne4 7. Nd2 Nd6 8. a4 O-O 9. Be2 c5 10. O-O Bf5 11. c3 c4 12. Nxd6 exd6 13. b3 cxb3 14. Qxb3 Nc7 15. Qxb7 Rb8 16. Qxa7 Rb2 17. e4 dxe4 18. Rfe1 Nd5 19. Be3 Nxe3 20. fxe3 Rxd2 21. a5 Bh6 22. a6 Bxe3+ 23. Kh1 Bf2 0-1

[Event "*** Titled Tuesday Blitz"]
[Site "Chess.com"]
[Date "2021.04.27"]
[Round "3"]
[White "Vugar_Manafov"]
[Black "Raud100"]
[Result "1-0"]
[WhiteElo "2735"]
[BlackElo "2450"]
[TimeControl "180+1"]
[EndTime "10:25:58 PDT"]
[Termination "Vugar_Manafov won by resignation"]

1. d4 d5 2. c4 c6 3. Nc3 Nf6 4.
e3 Bf5 5. cxd5 Nxd5 6. Nxd5 cxd5 7. Qb3 Bc8 8. Nf3 e6 9. Bd2 Bd6 10. Bd3 O-O 11. O-O Nc6 12. Rac1 Qb6 13. Qc2 g6 14. a3 a5 15. Bc3 Bd7 16. e4 dxe4 17. Bxe4 Rac8 18. d5 exd5 19. Bxd5 Bf5 20. Qd2 Rfd8 21.
Rfe1 Bf8 22. Ng5 Rd7 23. Nxf7 h5 24. Ng5+ 1-0

[Event "*** Titled Tuesday Blitz"]
[Site "Chess.com"]
[Date "2021.04.27"]
[Round "3"]
[White "chessprincesa1"]
[Black "mary-sanna"]
[Result "0-1"]
[WhiteElo "2307"]
[BlackElo "2141"]
[TimeControl "180+1"]
[EndTime "10:26:07 PDT"]
[Termination "mary-sanna won by resignation"]

1. d4 d5 2. c4 e6 3. Nc3 c5 4. cxd5 exd5 5. e3 Nf6 6. Nf3 Nc6 7. Be2 cxd4 8. Nxd4 Bc5 9. Nb3 Bb6 10. O-O O-O 11. Bf3 Be6 12. a4 a6 13. Ne2 Ne4 14. Ned4 Nxd4 15.
Nxd4 Qf6 16. Nxe6 fxe6 17. a5 Ba7 18. Qa4 Ng5 19. Be2 Rac8 20. Ra3 Rxc1 21. Rxc1 Qxf2+ 22. Kh1 Qxe2 23. Raa1 Ne4 24. Qd7 Nf2+ 25. Kg1 Qxe3 26. Rc7 Nh3+ 27. Kh1 Qg1+ 0-1

[Event "*** Titled Tuesday Blitz"]
[Site "Chess.com"]
[Date "2021.04.27"]
[Round "3"]
[White "Gerodot71"]
[Black "SergioGarciaFuentes"]
[Result "1-0"]
[WhiteElo "2570"]
[BlackElo "2340"]
[TimeControl "180+1"]
[EndTime "10:26:09 PDT"]
[Termination "Gerodot71 won by resignation"]

1. d4 d5 2. c4 c6 3. Nf3 Nf6 4.
Nc3 a6 5. e3 b5 6. b3 Bg4 7.
Be2 e6 8. O-O Nbd7 9. a4 b4 10.
Nb1 Ne4 11. Bb2 Bd6 12. Nbd2 f5 13. Nxe4 fxe4 14. Nd2 Bxe2 15. Qxe2 O-O 16. f3 Qh4 17.
f4 g5 18. g3 Qh6 19. Kh1 Rf6 20. Rg1 Raf8 21. c5 Bc7 22. Qxa6 Qh5 23. Qxc6 R8f7 24. Qxc7 Ne5 25. Qxe5 1-0

[Event "*** Titled Tuesday Blitz"]
[Site "Chess.com"]
[Date "2021.04.27"]
[Round "3"]
[White "Nuvas"]
[Black "Taktikmonster"]
[Result "1-0"]
[WhiteElo "2632"]
[BlackElo "2410"]
[TimeControl "180+1"]
[EndTime "10:26:10 PDT"]
[Termination "Nuvas won by resignation"]

1. d4 Nf6 2. c4 e6 3. Nc3 Bb4 4. Qc2 O-O 5. e4 d5 6. e5 Ne4 7.
Bd3 c5 8. Nf3 Nc6 9. O-O Bxc3 10. bxc3 cxd4 11. Bxe4 dxe4 12. Qxe4 dxc3 13. Ng5 g6 14.
Qh4 h5 15. Ba3 Re8 16. Rad1 Qc7 17. Bd6 Qa5 18. Qf4 Nd8 19. Qf6 c2 20. Rd3 Qxa2 21.
Nxf7 Nxf7 22. Qxg6+ Kh8 23. Qxh5+ 1-0

[Event "*** Titled Tuesday Blitz"]
[Site "Chess.com"]
[Date "2021.04.27"]
[Round "3"]
[White "gonzaga23"]
[Black "MikeSailer"]
[Result "0-1"]
[WhiteElo "2486"]
[BlackElo "2188"]
[TimeControl "180+1"]
[EndTime "10:26:11 PDT"]
[Termination "MikeSailer won by resignation"]

1. e4 d5 2. Nc3 dxe4 3. Nxe4 Qd5 4. Qf3 Nc6 5. Nc3 Qxf3 6. Nxf3 Bf5 7. Bb5 e6 8. Nd4 Ne7 9. Nxf5 Nxf5 10. Bxc6+ bxc6 11. Ne4 Nd4 12. Kd1 Be7 13. c3 Nb5 14. d3 h6 15. Be3 Nd6 16. Kc2 Nxe4 17. dxe4 O-O-O 18. b4 a6 19. Rad1 Bf6 20. Kb3 Kb7 21. f4 Be7 22. Kc4 Rhe8 23. g4 g6 24. h4 Rh8 25. h5 gxh5 26. Rxh5 Rxd1 0-1

[Event "*** Titled Tuesday Blitz"]
[Site "Chess.com"]
[Date "2021.04.27"]
[Round "3"]
[White "Konavets"]
[Black "blitzking1729"]
[Result "1-0"]
[WhiteElo "2943"]
[BlackElo "2668"]
[TimeControl "180+1"]
[EndTime "10:26:14 PDT"]
[Termination "Konavets won by resignation"]

1. d4 d5 2. Nf3 Nf6 3. c4 e6 4. Bg5 h6 5. Bxf6 Qxf6 6. e3 b6 7. cxd5 exd5 8. Nc3 c6 9. Ne5 Bd6 10. f4 O-O 11. Bd3 Re8 12. h4 Qe7 13. Qc2 Nd7 14.
O-O-O Nf8 15. Kb1 Bb7 16. g4 f6 17. g5 fxe5 18. fxe5 Bxe5 19. dxe5 Qxe5 20. gxh6 gxh6 21. Rhg1+ Kh8 22. Qg2 Nh7 23. Bxh7 Re7 24. Bc2 Qxe3 25.
Qg6 Qe6 26. Qh5 Rg8 27. Bg6 Rgg7 28. Qxh6+ Kg8 29. Bh7+ Kh8 30. Bg6+ Kg8 31. Rdf1 Qc8 32. Bh7+ Kh8 33. Bf5+ 1-0

[Event "*** Titled Tuesday Blitz"]
[Site "Chess.com"]
[Date "2021.04.27"]
[Round "3"]
[White "PavelShkapenko"]
[Black "MPGM"]
[Result "0-1"]
[WhiteElo "2658"]
[BlackElo "2491"]
[TimeControl "180+1"]
[EndTime "10:26:15 PDT"]
[Termination "MPGM won by checkmate"]

1. e4 c6 2. d4 d5 3. e5 c5 4. dxc5 e6 5. a3 Bxc5 6. b4 Be7 7. Qg4 Kf8 8. Nf3 f5 9. Qg3 Nh6 10. Bd3 Nf7 11. h4 a5 12. b5 Nd7 13. O-O Nc5 14.
Bf4 Ne4 15. Qh2 h6 16. h5 Kg8 17. Nbd2 Kh7 18. Rfd1 Qb6 19. Be3 Bc5 20. Bxc5 Qxc5 21. Qh4 Re8 22. c4 Bd7 23. cxd5 exd5 24. Nxe4 dxe4 25.
Bxe4 fxe4 26. Qxe4+ Kh8 27. Rxd7 Nxe5 28. Nxe5 Rxe5 29.
Qxb7 Rf8 30. Rf1 Rxf2 31. Rxf2 Re1+ 32. Kh2 Qxh5+ 33. Kg3 Qg5+ 34. Kh3 Rh1# 0-1

[Event "*** Titled Tuesday Blitz"]
[Site "Chess.com"]
[Date "2021.04.27"]
[Round "3"]
[White "TheKingOfTheForest"]
[Black "LileKoridze"]
[Result "0-1"]
[WhiteElo "2231"]
[BlackElo "2413"]
[TimeControl "180+1"]
[EndTime "10:26:20 PDT"]
[Termination "LileKoridze won by resignation"]

1. d4 Nf6 2. c4 e6 3. Nc3 Bb4 4.
Qc2 O-O 5. a3 Bxc3+ 6. Qxc3 b6 7.
Bg5 Bb7 8. e3 d5 9. cxd5 exd5 10. Rc1 h6 11. Bh4 c5 12. Nf3 Nbd7 13. Ne5 cxd4 14.
Qxd4 g5 15. Nxd7 Nxd7 16. Bg3 Nc5 17. Qb4 d4 18. Rxc5 bxc5 19. Qxb7 Qa5+ 20. Ke2 d3+ 21. Kf3 c4 22. e4 f5 23. Qd5+ Qxd5 24. exd5 f4 25.
Ke4 fxg3 26. hxg3 Rae8+ 27. Kd4 Rxf2 28. Kxc4 d2 29. Bd3 Re1 30. Rxh6 d1=Q 31. Rg6+ Kf8 32. Rxg5 Qc1+ 33. Kd4 Qxg5 0-1

[Event "*** Titled Tuesday Blitz"]
[Site "Chess.com"]
[Date "2021.04.27"]
[Round "3"]
[White "chessdiamant"]
[Black "Pertinhez76"]
[Result "1-0"]
[WhiteElo "2303"]
[BlackElo "2100"]
[TimeControl "180+1"]
[EndTime "10:26:24 PDT"]
[Termination "chessdiamant won by resignation"]

1. Nf3 Nf6 2. g3 g6 3. b3 Bg7 4. Bb2 d6 5. d4 O-O 6. Bg2 Nc6 7.
O-O Re8 8. c4 Nd7 9. Nc3 e5 10.
dxe5 Ndxe5 11. Qd2 Bg4 12. Nxe5 dxe5 13. Nd5 Nd4 14.
f3 Be6 15. e4 c6 16. Bxd4 exd4 17. Nf4 Qb6 18. Nxe6 fxe6 19. Qd3 Rad8 20. h4 c5 21. f4 a5 22. e5 Re7 23. Be4 Rf8 24. h5 g5 25.
Bxh7+ Kh8 26. fxg5 Qd8 27. Rxf8+ Qxf8 28. Rf1 Qb8 29. Qg6 Qxe5 30. Rf8+ 1-0

[Event "*** Titled Tuesday Blitz"]
[Site "Chess.com"]
[Date "2021.04.27"]
[Round "3"]
[White "VladaSviridova"]
[Black "Diaschess88"]
[Result "0-1"]
[WhiteElo "2289"]
[BlackElo "2554"]
[TimeControl "180+1"]
[EndTime "10:26:25 PDT"]
[Termination "Diaschess88 won by checkmate"]

1. d4 d5 2. c4 c6 3. Nf3 Nf6 4. Nc3 e6 5. e3 Nbd7 6. Qc2 Bd6 7. Bd3 Qe7 8. cxd5 exd5 9. Bd2 O-O 10. O-O Re8 11. h3 Ne4 12. a3 f5 13. b4 a6 14. Na4 g5 15. Nh2 Ndf6 16. Nb6 Bxh2+ 17. Kh1 Bd6 18. Nxa8 g4 19. Nb6 Be6 20. Kg1 Bb8 21.
f4 gxf3 22. gxf3 Qg7+ 23. Kh1 Qg3 24. Rg1 Nf2# 0-1